Map: 莱瑞拉克之冠

Players

shengy - Winner!

  • Race: Zerg Zerg
  • League: Platinum

HavocWreaker

  • Race: Zerg Zerg
  • League: Platinum

VOD

Have the link to the VOD?

Description

Time

  • Played on: Dec. 22, 2015, 6:57 p.m.
  • Length: 6:31
Show
View Real Time Build Order
Export as new Build Order

shengy Zerg - Winner!

Build Orders: Hatch First 

Get SALT Encoding   

  12  0:01  Drone  
  13  0:10  Drone  
  14  0:18  Overlord  
  14  0:37  Drone x3  
  17  0:48  Drone  
  18  0:59  Hatchery  
  18  1:02  Drone  
  18  1:17  Spawning Pool  
  17  1:20  Drone  
  17  1:21  Extractor  
  17  1:24  Drone  
  18  1:34  Overlord  
  18  1:41  Drone  
  19  1:53  Overlord  
  19  2:03  Queen  
  19  2:06  Zergling x2  
  22  2:12  Queen  
  22  2:13  Drone  
  22  2:15  Drone  
  26  2:34  Metabolic Boost  
  26  2:58  Drone x6  
  31  3:22  Overlord  
  31  3:23  Zergling x8  
  31  3:24  Zergling x8  
  39  3:32  Spine Crawler  
  38  3:36  Baneling Nest  
  33  3:50  Zergling x8  
  34  4:02  Zergling x12  
  40  4:19  Overlord  
  40  4:21  Zergling x6  
  43  4:28  Baneling  
  43  4:29  Baneling  
  43  4:30  Baneling x2  
  43  4:31  Baneling  
  43  4:38  Drone  
  43  4:39  Drone x3  
  43  4:43  Drone x3  
  43  4:44  Drone  
  51  4:49  Baneling x2  
  47  5:13  Zergling x8  
  47  5:14  Zergling x6  
  49  5:19  Lair  
  49  5:25  Zergling x8  
  50  5:38  Baneling x3  
  50  5:39  Baneling  
  50  5:43  Drone x2  
  50  5:44  Drone, Extractor  
  50  5:46  Roach Warren  
  50  5:47  Extractor  
  50  5:57  Overlord  
  50  5:58  Drone x4  
  52  6:11  Zergling x8  
Show
View Real Time Build Order
Export as new Build Order

HavocWreaker Zerg 

Build Orders: Hatch First 

Get SALT Encoding   

  12  0:01  Drone  
  13  0:15  Overlord  
  13  0:17  Drone  
  14  0:34  Drone x2  
  16  0:38  Drone  
  17  0:48  Drone  
  18  0:56  Hatchery  
  17  1:00  Drone  
  18  1:06  Extractor  
  17  1:15  Spawning Pool  
  17  1:18  Drone  
  17  1:21  Drone  
  18  1:31  Drone  
  19  1:42  Drone  
  20  1:53  Drone  
  21  2:05  Zergling x2  
  21  2:08  Queen  
  24  2:09  Queen  
  24  2:11  Zergling x2  
  27  2:17  Metabolic Boost  
  27  2:21  Overlord  
  27  2:24  Drone  
  28  2:44  Zergling x2  
  28  2:45  Zergling x6  
  32  2:52  Drone x2  
  34  2:58  Roach Warren  
  34  3:00  Evolution Chamber  
  32  3:08  Drone x3  
  35  3:16  Overlord  
  35  3:21  Drone  
  35  3:23  Overlord  
  36  3:31  Zerg Missile Weapons Level 1  
  36  3:45  Drone  
  36  3:46  Drone x5  
  36  3:58  Zergling x2  
  36  3:59  Zergling x6  
  36  4:01  Roach x3  
  46  4:03  Lair  
  46  4:07  Extractor  
  45  4:15  Drone x2  
  47  4:25  Roach  
  47  4:26  Roach  
  47  4:30  Hatchery  
  50  4:32  Overlord  
  50  4:33  Overlord  
  50  4:38  Drone  
  51  4:44  Overlord  
  51  4:45  Overlord  
  51  4:48  Burrow  
  51  4:50  Extractor  
  50  5:00  Roach  
  46  5:08  Zergling x6  
  46  5:09  Zergling x4  
  26  5:22  Roach x2  
  28  5:31  Roach  
  28  5:32  Roach  
  28  5:33  Drone  
  28  5:34  Drone x5  
  37  5:48  Drone  
  37  5:49  Drone  
Tags
 
Add a new tag
Caveats
  • Supply blocks, unpowered buildings, or Contaminate may cause inaccurate times.
  • Supply counts are checked every 10 seconds.